[Event "European Online Club-ch-I 2021"]
[Site "Online"]
[Date "2021.03.27"]
[Round "1.1"]
[White "Moranda, Wojciech"]
[Black "Verdier, Patrice"]
[Result "1-0"]
[ECO "A57"]
[WhiteElo "2618"]
[BlackElo "2109"]
[Annotator "ChessBase"]
[PlyCount "65"]
[EventDate "2021.03.27"]
[EventType "team-tourn"]
[EventCountry "NET"]
[SourceTitle "playchess.com"]
[Source "ChessBase"]
[SourceQuality "1"]
[TimeControl "900+5"]

1. d4 Nf6 2. c4 c5 3. d5 b5 4. cxb5 a6 5. e3 g6 6. Nc3 Bg7 7. a4 O-O 8. e4 d6 9. Nf3 Nbd7 10. Bd2 Bb7 11. Qc2 e6 12. bxa6 Bxa6 13. Bxa6 Rxa6 14. dxe6 fxe6 15. O-O d5 16. exd5 exd5 17. Bg5 Qa8 18. Rfe1 d4 19. Nb5 Nd5 20. b3 Kh8 21. Rad1 Qb8 22. Qe4 N7f6 23. Bxf6 Nxf6 24. Qe5 Qc8 25. Rc1 Nd7 26. Qg3 Raf6 27. Nbxd4 Qb7 28. Ne6 Rxe6 29. Rxe6 Qxb3 30. Re7 Qxa4 31. Qc7 Qa3 32. Rce1 Qc3 33. Qxd7 1-0

[Event "European Online Club-ch-I 2021"]
[Site "Online"]
[Date "2021.03.27"]
[Round "1.2"]
[White "Van Hoolandt, Patrick"]
[Black "Socko, Bartosz"]
[Result "0-1"]
[ECO "E13"]
[WhiteElo "2017"]
[BlackElo "2618"]
[Annotator "ChessBase"]
[PlyCount "60"]
[EventDate "2021.03.27"]
[EventType "team-tourn"]
[EventCountry "NET"]
[SourceTitle "playchess.com"]
[Source "ChessBase"]
[SourceQuality "1"]
[TimeControl "900+5"]

1. d4 Nf6 2. c4 e6 3. Nf3 b6 4. Nc3 Bb4 5. Bg5 h6 6. Bh4 Bb7 7. e3 c5 8. Bd3 Nc6 9. O-O Bxc3 10. bxc3 d6 11. e4 e5 12. Re1 g5 13. Bg3 Qc7 14. Rc1 O-O-O 15. Qa4 Kb8 16. d5 Ne7 17. Nd2 Ng6 18. Qb5 h5 19. f3 h4 20. Bf2 Nf4 21. Bf1 g4 22. a4 Rdg8 23. Re3 g3 24. Be1 gxh2+ 25. Kxh2 N6h5 26. a5 Ng3 27. axb6 Nxf1+ 28. Nxf1 Rxg2+ 29. Kh1 Qc8 30. bxa7+ Ka8 0-1

[Event "European Online Club-ch-I 2021"]
[Site "Online"]
[Date "2021.03.27"]
[Round "1.3"]
[White "Tomczak, Jacek"]
[Black "Meylan, Pierre"]
[Result "1-0"]
[ECO "B16"]
[WhiteElo "2610"]
[BlackElo "2053"]
[Annotator "ChessBase"]
[PlyCount "79"]
[EventDate "2021.03.27"]
[EventType "team-tourn"]
[EventCountry "NET"]
[SourceTitle "playchess.com"]
[Source "ChessBase"]
[SourceQuality "1"]
[TimeControl "900+5"]

1. e4 c6 2. d4 d5 3. Nc3 dxe4 4. Nxe4 Nf6 5. Nxf6+ gxf6 6. c3 Bf5 7. Nf3 e6 8. g3 Qd5 9. Bg2 Qc4 10. Nh4 Bg6 11. Bd2 Nd7 12. Nxg6 hxg6 13. Qc2 O-O-O 14. b3 Qa6 15. c4 c5 16. d5 exd5 17. Bxd5 Re8+ 18. Kf1 Re7 19. Kg2 Bh6 20. Rae1 Qd6 21. Bxh6 Rxh6 22. Qd2 Rh8 23. Bxb7+ Kc7 24. Bd5 Rhe8 25. Rxe7 Rxe7 26. Re1 Nb6 27. Rxe7+ Qxe7 28. Qf4+ Kc8 29. Bc6 Nd7 30. Bxd7+ Kxd7 31. Qf3 Qe5 32. Qb7+ Kd8 33. Qa8+ Ke7 34. Qxa7+ Ke6 35. Qb7 f5 36. a4 f4 37. a5 g5 38. a6 g4 39. gxf4 Qxf4 40. a7 1-0

[Event "European Online Club-ch-I 2021"]
[Site "Online"]
[Date "2021.03.27"]
[Round "1.4"]
[White "Rapaire, Jean-Michel"]
[Black "Klekowski, Maciej"]
[Result "0-1"]
[ECO "B50"]
[WhiteElo "1739"]
[BlackElo "2510"]
[Annotator "ChessBase"]
[PlyCount "62"]
[EventDate "2021.03.27"]
[EventType "team-tourn"]
[EventCountry "NET"]
[SourceTitle "playchess.com"]
[Source "ChessBase"]
[SourceQuality "1"]
[TimeControl "900+5"]

1. e4 c5 2. Nf3 d6 3. a3 Nc6 4. Bc4 Nf6 5. d3 g6 6. c3 Bg7 7. Nbd2 O-O 8. Nf1 d5 9. exd5 Nxd5 10. Ng3 Nb6 11. Bb3 Bg4 12. h3 Bxf3 13. Qxf3 Ne5 14. Qe2 Nxd3+ 15. Kf1 c4 16. Bc2 e5 17. Kg1 f5 18. b3 e4 19. Bxd3 cxd3 20. Qd2 Rc8 21. Bb2 Qc7 22. Rc1 Rce8 23. Nf1 Nd5 24. g3 f4 25. c4 Bxb2 26. Qxb2 fxg3 27. cxd5 gxf2+ 28. Kg2 Qf4 29. Qd2 e3 30. Nxe3 Qf3+ 31. Kh2 Rxe3 0-1

[Event "European Online Club-ch-I 2021"]
[Site "Online"]
[Date "2021.03.27"]
[Round "1.5"]
[White "Mchedlishvili, Mikheil"]
[Black "Stephan, Victor"]
[Result "1-0"]
[ECO "A65"]
[WhiteElo "2570"]
[BlackElo "2430"]
[Annotator "ChessBase"]
[PlyCount "87"]
[EventDate "2021.03.27"]
[EventType "team-tourn"]
[EventCountry "NET"]
[SourceTitle "playchess.com"]
[Source "ChessBase"]
[SourceQuality "1"]
[TimeControl "900+5"]

1. d4 Nf6 2. c4 e6 3. Nc3 c5 4. d5 exd5 5. cxd5 d6 6. e4 g6 7. Nge2 Bg7 8. Ng3 O-O 9. Be2 a6 10. a4 Nbd7 11. O-O Re8 12. h3 Rb8 13. Bg5 h6 14. Bf4 Qe7 15. Qd2 h5 16. Bg5 Qf8 17. f4 Nh7 18. Bh4 Bd4+ 19. Kh1 Qg7 20. Rae1 Ndf6 21. Bd3 Bd7 22. Nce2 Bxa4 23. Nxd4 cxd4 24. Qb4 Bb5 25. Bxb5 axb5 26. Qxd6 Qf8 27. Qxf8+ Kxf8 28. d6 Rbc8 29. e5 Nd7 30. Be7+ Rxe7 31. dxe7+ Kxe7 32. Ne2 Rc2 33. Nxd4 Rxb2 34. Rb1 Rd2 35. Nxb5 g5 36. Nd6 gxf4 37. Rxb7 Ke6 38. Rxf4 Nxe5 39. Nxf7 Nd3 40. Rf3 Kd5 41. Rd7+ Ke4 42. Nd6+ Kd4 43. Rxd3+ Rxd3 44. Rxh7 1-0

[Event "European Online Club-ch-I 2021"]
[Site "Online"]
[Date "2021.03.27"]
[Round "1.6"]
[White "Bilquez, Romain"]
[Black "Ibarra Jerez, Jose Carlos"]
[Result "0-1"]
[ECO "B22"]
[WhiteElo "2276"]
[BlackElo "2553"]
[Annotator "ChessBase"]
[PlyCount "114"]
[EventDate "2021.03.27"]
[EventType "team-tourn"]
[EventCountry "NET"]
[SourceTitle "playchess.com"]
[Source "ChessBase"]
[SourceQuality "1"]
[TimeControl "900+5"]

1. e4 c5 2. c3 Nf6 3. e5 Nd5 4. d4 cxd4 5. Nf3 Nc6 6. cxd4 d6 7. Bc4 dxe5 8. dxe5 Ndb4 9. Qxd8+ Nxd8 10. Na3 Bg4 11. Nd4 e6 12. Bb5+ Ndc6 13. Be3 Be7 14. f3 Bh5 15. Rc1 O-O 16. Nxc6 bxc6 17. Bxc6 Nd3+ 18. Ke2 Nxc1+ 19. Rxc1 Rab8 20. Nc4 Rfc8 21. Ba4 Rc7 22. b3 Rd8 23. Bd2 Rd5 24. Ne3 Rdc5 25. Nc4 Bg6 26. Bb4 Rxc4 27. Rxc4 Rxc4 28. Bxe7 Rc2+ 29. Ke3 Rxa2 30. Bc5 a6 31. g4 Rxh2 32. b4 h5 33. gxh5 Rxh5 34. Bd4 Rh2 35. Bb3 Bh5 36. Bc4 Rh3 37. Be2 g5 38. Kf2 Rh4 39. Bc3 Rf4 40. Bd2 Rf5 41. Kg3 Kg7 42. Be3 Kh6 43. Bd4 Kg7 44. Be3 Kf8 45. Bc5+ Ke8 46. Bxa6 Rxf3+ 47. Kg2 Rb3 48. Bc4 Bf3+ 49. Kf2 Rc3 50. Bb5+ Kd8 51. Bd4 Rb3 52. Bc5 Bd5 53. Bb6+ Kc8 54. Bc5 g4 55. Be8 g3+ 56. Ke2 g2 57. Ba4 Rxb4 0-1

[Event "European Online Club-ch-I 2021"]
[Site "Online"]
[Date "2021.03.27"]
[Round "1.7"]
[White "Cuenca Jimenez, Jose Fernando"]
[Black "Martsynovskaya, Marina"]
[Result "1-0"]
[ECO "A84"]
[WhiteElo "2506"]
[BlackElo "2046"]
[Annotator "ChessBase"]
[PlyCount "59"]
[EventDate "2021.03.27"]
[EventType "team-tourn"]
[EventCountry "NET"]
[SourceTitle "playchess.com"]
[Source "ChessBase"]
[SourceQuality "1"]
[TimeControl "900+5"]

1. c4 f5 2. Nc3 Nf6 3. d4 e6 4. Nf3 d5 5. Bf4 c6 6. e3 Bd6 7. Bd3 O-O 8. O-O b6 9. Rc1 Ne4 10. Bxd6 Qxd6 11. Ne5 Bb7 12. f4 Nd7 13. Bxe4 fxe4 14. Nxd7 Qxd7 15. Qa4 Qe7 16. Rf2 Kh8 17. c5 bxc5 18. Qa3 Rf7 19. Qxc5 Qxc5 20. dxc5 Ba6 21. Nb1 Kg8 22. Nd2 e5 23. fxe5 Rxf2 24. Kxf2 Kf7 25. Nb3 Rb8 26. Rc2 Ke7 27. Nd4 Kd7 28. Ke1 Re8 29. e6+ Kc7 30. Rf2 1-0

[Event "European Online Club-ch-I 2021"]
[Site "Online"]
[Date "2021.03.27"]
[Round "1.8"]
[White "Devallee, Jeremie"]
[Black "Terry, Renato"]
[Result "0-1"]
[ECO "C00"]
[WhiteElo "2220"]
[BlackElo "2504"]
[Annotator "ChessBase"]
[PlyCount "52"]
[EventDate "2021.03.27"]
[EventType "team-tourn"]
[EventCountry "NET"]
[SourceTitle "playchess.com"]
[Source "ChessBase"]
[SourceQuality "1"]
[TimeControl "900+5"]

1. e4 e6 2. Nf3 d5 3. e5 c5 4. b4 cxb4 5. d4 Nc6 6. a3 f6 7. axb4 Bxb4+ 8. c3 Be7 9. Bd3 f5 10. g4 fxg4 11. Ng1 h5 12. h3 Nh6 13. Bg6+ Kd7 14. Bxh5 g3 15. fxg3 Nf5 16. Bg4 Nxg3 17. Qf3 Kc7 18. Ba3 Nxh1 19. Qxh1 Bxa3 20. Nxa3 Qh4+ 21. Kd2 Qxg4 22. Nb5+ Kb8 23. Ne2 Rxh3 24. Qf1 Qg5+ 25. Kc2 Qe3 26. Nd6 Rf3 0-1

[Event "European Online Club-ch-I 2021"]
[Site "Online"]
[Date "2021.03.27"]
[Round "1.9"]
[White "Saric, Ivan"]
[Black "Hurdzan, Tomas"]
[Result "1-0"]
[ECO "C01"]
[WhiteElo "2648"]
[BlackElo "2317"]
[Annotator "ChessBase"]
[PlyCount "105"]
[EventDate "2021.03.27"]
[EventType "team-tourn"]
[EventCountry "NET"]
[SourceTitle "playchess.com"]
[Source "ChessBase"]
[SourceQuality "1"]
[TimeControl "900+5"]

1. e3 e5 2. d4 exd4 3. exd4 d5 4. Nf3 Nf6 5. Bd3 Be7 6. h3 O-O 7. O-O h6 8. Bf4 c5 9. dxc5 Bxc5 10. Nc3 Nc6 11. a3 Re8 12. Nb5 Re7 13. c4 dxc4 14. Bxc4 Qxd1 15. Rfxd1 Re4 16. Nc7 Rxc4 17. Nxa8 Rxf4 18. Rac1 Be7 19. Ne5 Be6 20. Nxc6 bxc6 21. Rxc6 a5 22. Rc7 Kf8 23. Rb7 g6 24. Nc7 Bf5 25. b4 axb4 26. axb4 Bxb4 27. g4 Bc2 28. Rd8+ Ke7 29. Rdb8 Bd6 30. Nd5+ Ke6 31. Nxf4+ Bxf4 32. Rf8 Nd7 33. Rxd7 Kxd7 34. Rxf7+ Ke6 35. Rxf4 g5 36. Rb4 Kf6 37. Kh2 Bg6 38. Kg3 Kg7 39. h4 Bd3 40. Rd4 Bc2 41. Rd5 Kf6 42. Rd6+ Kg7 43. f4 gxf4+ 44. Kxf4 Bb1 45. Rd7+ Kf6 46. Rb7 Bc2 47. Rb6+ Kg7 48. Rd6 Bb1 49. Ke5 Bc2 50. Rd7+ Kg8 51. Kf6 Be4 52. g5 hxg5 53. hxg5 1-0

[Event "European Online Club-ch-I 2021"]
[Site "Online"]
[Date "2021.03.27"]
[Round "1.10"]
[White "Bulockin, Martin"]
[Black "Heberla, Bartlomiej"]
[Result "0-1"]
[ECO "C68"]
[WhiteElo "2315"]
[BlackElo "2556"]
[Annotator "ChessBase"]
[PlyCount "96"]
[EventDate "2021.03.27"]
[EventType "team-tourn"]
[EventCountry "NET"]
[SourceTitle "playchess.com"]
[Source "ChessBase"]
[SourceQuality "1"]
[TimeControl "900+5"]

1. e4 e5 2. Nf3 Nc6 3. Bb5 a6 4. Bxc6 dxc6 5. d3 f6 6. h3 Ne7 7. Be3 Ng6 8. Nbd2 c5 9. Qe2 Be7 10. O-O O-O 11. a3 Be6 12. Rfb1 a5 13. Nf1 a4 14. Ng3 Qd7 15. Rd1 Rfd8 16. Rd2 Qb5 17. c3 Bf8 18. Rc1 Rd7 19. d4 Bc4 20. Qe1 cxd4 21. cxd4 Rad8 22. h4 Bb3 23. h5 Nf4 24. Bxf4 exf4 25. Ne2 Qxh5 26. Nxf4 Qg4 27. Qe3 Re7 28. e5 g6 29. Nd3 Bd5 30. Nde1 Qh5 31. Qc3 fxe5 32. dxe5 c6 33. Rcd1 Bg7 34. Re2 Rde8 35. Qb4 Bxe5 36. Red2 Bc7 37. Qxa4 b5 38. Qb4 Bc4 39. Nc2 Be2 40. Rxe2 Rxe2 41. Ncd4 R2e4 42. Qb3+ Qd5 43. Qxd5+ cxd5 44. Nxb5 Bb8 45. g3 Re2 46. Rxd5 Rxb2 47. Nfd4 Rf8 48. f4 Rc8 0-1

[Event "European Online Club-ch-I 2021"]
[Site "Online"]
[Date "2021.03.27"]
[Round "1.11"]
[White "Polak, Tomas"]
[Black "Mladek, Richard"]
[Result "1-0"]
[ECO "D53"]
[WhiteElo "2553"]
[BlackElo "2291"]
[Annotator "ChessBase"]
[PlyCount "85"]
[EventDate "2021.03.27"]
[EventType "team-tourn"]
[EventCountry "NET"]
[SourceTitle "playchess.com"]
[Source "ChessBase"]
[SourceQuality "1"]
[TimeControl "900+5"]

1. d4 Nf6 2. c4 e6 3. Nf3 d5 4. Nc3 Be7 5. Bg5 O-O 6. Qc2 h6 7. h4 c5 8. dxc5 dxc4 9. e3 Qa5 10. Bxc4 Qxc5 11. Bb3 Nc6 12. Bf4 e5 13. Bg3 Nb4 14. Qb1 e4 15. Nxe4 Nxe4 16. Qxe4 Bf5 17. Qd4 Qb5 18. Ne5 Bf6 19. Qc4 Qa5 20. O-O Bxe5 21. Bxe5 Bd3 22. Bc7 b6 23. Qg4 Bxf1 24. Rxf1 Nd5 25. Be5 f6 26. Rd1 fxe5 27. Rxd5 Qe1+ 28. Kh2 Kh8 29. Rd7 Rg8 30. Bxg8 Rxg8 31. Kg3 Qb1 32. Rxa7 Qxb2 33. Qd7 e4 34. Qe7 Qc2 35. a4 Qc8 36. Rd7 Qb8+ 37. Kh3 Qc8 38. Kh2 Qb8+ 39. Qd6 Qe8 40. Qd4 Qh5 41. Qxe4 Rf8 42. f3 Rf6 43. Rd8+ 1-0

[Event "European Online Club-ch-I 2021"]
[Site "Online"]
[Date "2021.03.27"]
[Round "1.12"]
[White "Sprenar, Petr"]
[Black "Nayhebaver, Martin"]
[Result "0-1"]
[ECO "D00"]
[WhiteElo "2259"]
[BlackElo "2485"]
[Annotator "ChessBase"]
[PlyCount "42"]
[EventDate "2021.03.27"]
[EventType "team-tourn"]
[EventCountry "NET"]
[SourceTitle "playchess.com"]
[Source "ChessBase"]
[SourceQuality "1"]
[TimeControl "900+5"]

1. d4 Nf6 2. Bg5 d5 3. Bxf6 exf6 4. e3 Be6 5. Ne2 Bd6 6. g3 Nd7 7. Bg2 Nb6 8. O-O h5 9. Nf4 Bxf4 10. exf4 Qd7 11. Re1 O-O-O 12. a4 h4 13. a5 Nc4 14. b3 Nd6 15. Nc3 hxg3 16. hxg3 Bh3 17. Bxd5 Nb5 18. Qf3 Nxc3 19. Bxb7+ Kb8 20. Ba8 Nd5 21. Re7 Qxe7 0-1

[Event "European Online Club-ch-I 2021"]
[Site "Online"]
[Date "2021.03.27"]
[Round "1.13"]
[White "Iskandarov, Misratdin"]
[Black "Sorensen, Jan"]
[Result "1-0"]
[ECO "C15"]
[WhiteElo "2535"]
[BlackElo "2369"]
[Annotator "ChessBase"]
[PlyCount "71"]
[EventDate "2021.03.27"]
[EventType "team-tourn"]
[EventCountry "NET"]
[SourceTitle "playchess.com"]
[Source "ChessBase"]
[SourceQuality "1"]
[TimeControl "900+5"]

1. e4 e6 2. d4 d5 3. Nc3 Bb4 4. Nge2 Nc6 5. a3 Ba5 6. b4 Bb6 7. e5 f6 8. b5 Na5 9. Ng3 Nc4 10. Bxc4 dxc4 11. Be3 f5 12. O-O Ne7 13. a4 a6 14. a5 Ba7 15. Qe2 O-O 16. Nh5 axb5 17. Nxb5 Nd5 18. Nf4 g5 19. Nxd5 exd5 20. e6 Qe7 21. Bc1 Bb8 22. Ba3 Qxe6 23. Qxe6+ Bxe6 24. Bxf8 Kxf8 25. Rfe1 Bd7 26. Nc3 c6 27. Na4 Bc7 28. Nb6 Rd8 29. Nxd7+ Rxd7 30. a6 bxa6 31. Rxa6 Rd6 32. Re5 Rf6 33. Ra8+ Kg7 34. Re7+ Rf7 35. Rxf7+ Kxf7 36. Ra7 1-0

[Event "European Online Club-ch-I 2021"]
[Site "Online"]
[Date "2021.03.27"]
[Round "1.14"]
[White "Vinter-Schou, Uffe"]
[Black "Muradli, Mahammad"]
[Result "0-1"]
[ECO "B52"]
[WhiteElo "2320"]
[BlackElo "2449"]
[Annotator "NA"]
[PlyCount "78"]
[EventDate "2021.03.27"]
[EventType "team-tourn"]
[EventCountry "NET"]
[SourceTitle "playchess.com"]
[Source "ChessBase"]
[SourceQuality "1"]
[TimeControl "900+5"]

1. e4 c5 2. Nf3 d6 3. Bb5+ Bd7 4. Bxd7+ Qxd7 5. O-O Nf6 6. Qe2 Nc6 7. b3 g6 8. Bb2 Bg7 9. c4 e5 10. Nc3 O-O 11. Nd5 Nxd5 12. cxd5 Ne7 13. h3 h6 14. d3 f5 15. Nd2 Kh7 16. a4 g5 17. Nc4 Ng6 18. exf5 Rxf5 19. Qg4 Raf8 20. g3 Qd8 21. Rae1 Rf3 22. Re3 R3f6 23. Bc3 Kh8 24. Nd2 Ne7 25. Qc4 b6 26. b4 Qa8 27. bxc5 Nxd5 28. Re2 bxc5 29. Ne4 Rg6 30. Rb1 Qc6 31. Reb2 Nb6 32. Qa6 d5 33. Nd2 Nxa4 34. Qxc6 Rxc6 35. Rb3 Nxc3 36. Rxc3 e4 37. Ra3 Bd4 38. Nb3 Bxf2+ 39. Kg2 exd3 0-1

[Event "European Online Club-ch-I 2021"]
[Site "Online"]
[Date "2021.03.27"]
[Round "1.15"]
[White "Shahaliyev, Ismayil"]
[Black "Boe, Mads"]
[Result "1-0"]
[ECO "B10"]
[WhiteElo "2413"]
[BlackElo "2250"]
[Annotator "NA"]
[PlyCount "117"]
[EventDate "2021.03.27"]
[EventType "team-tourn"]
[EventCountry "NET"]
[SourceTitle "playchess.com"]
[Source "ChessBase"]
[SourceQuality "1"]
[TimeControl "900+5"]

1. e4 c6 2. d3 d5 3. Nd2 Nf6 4. Ngf3 Bg4 5. Be2 e6 6. O-O Be7 7. b3 O-O 8. Bb2 a5 9. a3 Bh5 10. Re1 Na6 11. e5 Nd7 12. d4 Bg6 13. c4 Nc7 14. Nf1 a4 15. Ne3 axb3 16. Qxb3 b5 17. cxd5 cxd5 18. Rec1 Nb6 19. Bxb5 Nxb5 20. Qxb5 Na4 21. Bc3 Nxc3 22. Rxc3 Qa5 23. Qxa5 Rxa5 24. Ne1 Rb8 25. Nd3 h6 26. Kf1 Rba8 27. Nc2 Ra4 28. Ke2 Rc4 29. Rxc4 dxc4 30. Ndb4 f6 31. Rc1 Kf7 32. g3 Ra4 33. h4 h5 34. Kd2 Be4 35. Kc3 Bd5 36. Ra1 fxe5 37. dxe5 Bc5 38. f4 Kg6 39. Nxd5 exd5 40. Nd4 Bxa3 41. f5+ Kf7 42. Kc2 Ra5 43. Nc6 Rc5 44. Nd8+ Ke8 45. Rxa3 Kxd8 46. Kc3 Rc7 47. Ra5 Rd7 48. Kd4 Ke7 49. Ra6 Kf8 50. e6 Rd8 51. Ra7 Kg8 52. Rc7 Rf8 53. Ke5 Rd8 54. Kd4 Rf8 55. Kxd5 Rxf5+ 56. Kd6 Rf8 57. Rxc4 Ra8 58. Kd7 Ra7+ 59. Rc7 1-0

[Event "European Online Club-ch-I 2021"]
[Site "Online"]
[Date "2021.03.27"]
[Round "1.16"]
[White "Rendboe, John Filip"]
[Black "Bashirli, Nail"]
[Result "0-1"]
[ECO "E50"]
[WhiteElo "2169"]
[BlackElo "2382"]
[Annotator "NA"]
[PlyCount "88"]
[EventDate "2021.03.27"]
[EventType "team-tourn"]
[EventCountry "NET"]
[SourceTitle "playchess.com"]
[Source "ChessBase"]
[SourceQuality "1"]
[TimeControl "900+5"]

1. d4 Nf6 2. c4 e6 3. Nc3 Bb4 4. e3 O-O 5. Bd3 c5 6. Nf3 d6 7. O-O Bxc3 8. bxc3 Nbd7 9. Nd2 b6 10. e4 e5 11. d5 h6 12. a4 a6 13. a5 b5 14. cxb5 axb5 15. Bxb5 Rxa5 16. Rxa5 Qxa5 17. c4 Ba6 18. Nb3 Qa2 19. Bxa6 Qxa6 20. Qd3 Rb8 21. Nd2 Qa2 22. g3 Nb6 23. f4 Nfd7 24. Qa3 Ra8 25. Qd3 Ra4 26. Nb3 Rb4 27. Nd2 Nxc4 28. Nf3 Qb3 29. Qe2 Qc3 30. fxe5 Ncxe5 31. Nh4 Qd4+ 32. Kh1 Qxe4+ 33. Qxe4 Rxe4 34. Nf5 Nc4 35. Bf4 Nf6 36. Bxd6 Nxd6 37. Nxd6 Re5 38. Nf5 Nxd5 39. g4 c4 40. Nd6 c3 41. Nxf7 Re2 42. Nd6 Ne3 43. Rc1 c2 44. Nb5 Rd2 0-1

[Event "European Online Club-ch-I 2021"]
[Site "Online"]
[Date "2021.03.27"]
[Round "1.17"]
[White "Batsiashvili, Nino"]
[Black "Arnaudov, G. Petar"]
[Result "1/2-1/2"]
[ECO "D02"]
[WhiteElo "2491"]
[BlackElo "2471"]
[Annotator "ChessBase"]
[PlyCount "79"]
[EventDate "2021.03.27"]
[EventType "team-tourn"]
[EventCountry "NET"]
[SourceTitle "playchess.com"]
[Source "ChessBase"]
[SourceQuality "1"]
[TimeControl "900+5"]

1. d4 Nf6 2. Nf3 e6 3. Bf4 d5 4. e3 Bd6 5. Bg3 O-O 6. Bd3 c5 7. c3 Qc7 8. Nbd2 Nbd7 9. e4 e5 10. dxe5 Nxe5 11. Nxe5 Bxe5 12. O-O Bxg3 13. hxg3 dxe4 14. Nxe4 Nxe4 15. Bxe4 Be6 16. Qf3 Rad8 17. Bxb7 Rb8 18. Bd5 Bxd5 19. Qxd5 Rxb2 20. Rab1 Rb6 21. Rbd1 g6 22. Rfe1 Rfb8 23. Re5 Kg7 24. Qxc5 Qxc5 25. Rxc5 Rb1 26. Rcd5 R8b2 27. a4 Rxd1+ 28. Rxd1 Ra2 29. Rd4 h5 30. g4 hxg4 31. Rxg4 a5 32. g3 Kf6 33. Kg2 Ra3 34. Rc4 Ke6 35. Kf3 Kd5 36. Rc7 Ke6 37. Rc6+ Kd5 38. Rc7 Ke6 39. Rc6+ Kd5 40. Rc7 1/2-1/2

[Event "European Online Club-ch-I 2021"]
[Site "Online"]
[Date "2021.03.27"]
[Round "1.18"]
[White "Godart, Francois"]
[Black "Javakhishvili, Lela"]
[Result "1/2-1/2"]
[ECO "B22"]
[WhiteElo "2422"]
[BlackElo "2473"]
[Annotator "ChessBase"]
[PlyCount "219"]
[EventDate "2021.03.27"]
[EventType "team-tourn"]
[EventCountry "NET"]
[SourceTitle "playchess.com"]
[Source "ChessBase"]
[SourceQuality "1"]
[TimeControl "900+5"]

1. e4 c5 2. Nf3 e6 3. c3 Nf6 4. e5 Nd5 5. Bc4 Nb6 6. Bb3 c4 7. Bc2 Nc6 8. b3 d5 9. exd6 Bxd6 10. bxc4 Nxc4 11. d4 Qc7 12. O-O Ne7 13. Nbd2 Nxd2 14. Bxd2 b6 15. Re1 Bb7 16. Ne5 Bxe5 17. Rxe5 Ng6 18. Re1 O-O 19. Qh5 Rfd8 20. Re3 Bxg2 21. Rg3 Bb7 22. Rh3 h6 23. Bxg6 fxg6 24. Qxg6 Qf7 25. Rxh6 Qxg6+ 26. Rxg6 Kf7 27. Rg3 e5 28. Be3 Rac8 29. dxe5 Rxc3 30. a4 Rcd3 31. Kf1 Rd1+ 32. Rxd1 Rxd1+ 33. Ke2 Ra1 34. e6+ Kxe6 35. Rxg7 Bc6 36. Rxa7 Bxa4 37. Rb7 b5 38. h4 Rh1 39. Bg5 Kd5 40. f4 Kc4 41. f5 b4 42. f6 Bd1+ 43. Kd2 Bh5 44. Rc7+ Kd5 45. Rh7 Bg6 46. Rg7 Bh5 47. Kc2 Rh3 48. Kb2 Kc4 49. Rc7+ Kd5 50. Rc2 Bg6 51. Rf2 Bf7 52. Re2 b3 53. Re7 Bh5 54. Bd2 Rf3 55. Bc3 Rh3 56. Rh7 Bg6 57. Rg7 Be8 58. f7 Bxf7 59. Rxf7 Rxh4 60. Kxb3 Rh3 61. Rf5+ Ke4 62. Rf1 Rf3 63. Re1+ Re3 64. Rd1 Rd3 65. Rh1 Rf3 66. Kc4 Rf5 67. Re1+ Kf3 68. Kd3 Kf2 69. Re8 Kf3 70. Bd4 Kf4 71. Re1 Kf3 72. Rf1+ Kg4 73. Re1 Kf3 74. Re2 Rf4 75. Be3 Rf5 76. Ra2 Rd5+ 77. Bd4 Rf5 78. Ra1 Kf4 79. Ke2 Ke4 80. Be3 Rd5 81. Ra4+ Ke5 82. Kf3 Kf5 83. Rf4+ Ke5 84. Rh4 Kf5 85. Rh8 Ke5 86. Re8+ Kf5 87. Re7 Kf6 88. Rh7 Kf5 89. Rh4 Ke5 90. Bf4+ Kf5 91. Ke3 Rd7 92. Rh5+ Kg6 93. Rg5+ Kf6 94. Ra5 Re7+ 95. Kf3 Rd7 96. Ke4 Kf7 97. Kf5 Re7 98. Be5 Rd7 99. Ra6 Ke7 100. Rh6 Kf7 101. Bd6 Kg7 102. Kg5 Kf7 103. Rg6 Rd8 104. Kf5 Rd7 105. Be5 Rd8 106. Rf6+ Ke7 107. Rh6 Rf8+ 108. Ke4 Kd7 109. Kd5 Rf7 110. Ra6 1/2-1/2

[Event "European Online Club-ch-I 2021"]
[Site "Online"]
[Date "2021.03.27"]
[Round "1.19"]
[White "Bulmaga, Irina"]
[Black "Marechal, Andy"]
[Result "1/2-1/2"]
[ECO "C11"]
[WhiteElo "2440"]
[BlackElo "2332"]
[Annotator "NA"]
[PlyCount "116"]
[EventDate "2021.03.27"]
[EventType "team-tourn"]
[EventCountry "NET"]
[SourceTitle "playchess.com"]
[Source "ChessBase"]
[SourceQuality "1"]
[TimeControl "900+5"]

1. e4 e6 2. d4 d5 3. Nc3 Nf6 4. e5 Nfd7 5. f4 c5 6. Nf3 Nc6 7. Be3 cxd4 8. Nxd4 Bc5 9. Qd2 O-O 10. O-O-O a6 11. Nb3 Bb4 12. Bd3 b5 13. Rhf1 Bb7 14. a3 Be7 15. Ne2 Rc8 16. Ned4 Nxd4 17. Bxd4 Nc5 18. Nxc5 Bxc5 19. Bxc5 Rxc5 20. f5 exf5 21. Rxf5 Qh4 22. g3 Qh3 23. Rdf1 Bc8 24. Qf2 Bxf5 25. Bxf5 Qh6+ 26. Kb1 Rc6 27. Bd7 Re6 28. Bxe6 Qxe6 29. Qd4 Re8 30. Rd1 Qxe5 31. Qxd5 g6 32. Qxe5 Rxe5 33. Rd2 Kg7 34. b4 h5 35. Kb2 Re6 36. Kb3 Rc6 37. a4 Kf6 38. axb5 axb5 39. Rd5 Rb6 40. c4 bxc4+ 41. Kxc4 Ke6 42. b5 Rb8 43. Rd2 g5 44. Kc5 f5 45. b6 f4 46. gxf4 gxf4 47. Kc6 Rc8+ 48. Kb5 Ke5 49. b7 Rb8 50. Kc6 Ke4 51. Kc7 Rxb7+ 52. Kxb7 f3 53. Rb2 Ke3 54. Kc6 f2 55. Rb1 Ke2 56. Rb2+ Ke3 57. Rb3+ Ke2 58. Rb2+ Ke3 1/2-1/2

[Event "European Online Club-ch-I 2021"]
[Site "Online"]
[Date "2021.03.27"]
[Round "1.20"]
[White "Dishman, Stephen"]
[Black "Daulyte-Cornette, Deimante"]
[Result "1-0"]
[ECO "E11"]
[WhiteElo "2316"]
[BlackElo "2387"]
[Annotator "NA"]
[PlyCount "97"]
[EventDate "2021.03.27"]
[EventType "team-tourn"]
[EventCountry "NET"]
[SourceTitle "playchess.com"]
[Source "ChessBase"]
[SourceQuality "1"]
[TimeControl "900+5"]

1. Nf3 d5 2. c4 e6 3. d4 Nf6 4. g3 Bb4+ 5. Bd2 Be7 6. Bg2 O-O 7. O-O Ne4 8. Qc2 f5 9. Nc3 c6 10. Bf4 Nd7 11. Rfd1 g5 12. Bc1 Nd6 13. cxd5 cxd5 14. b3 Ne4 15. Bb2 g4 16. Ne1 Bf6 17. Nxe4 fxe4 18. f3 Bg5 19. Bc1 Bxc1 20. Qxc1 exf3 21. exf3 Qf6 22. f4 Qg7 23. Qe3 Nf6 24. Nd3 b6 25. Rac1 Kh8 26. Rc2 Ba6 27. Ne5 Rac8 28. Rdc1 Rxc2 29. Rxc2 Rc8 30. Rxc8+ Bxc8 31. Qc3 Bb7 32. Qb4 Ne8 33. Bf1 Kg8 34. Bb5 Qc7 35. Bxe8 Qc1+ 36. Kf2 Qc2+ 37. Ke3 Qe4+ 38. Kd2 Ba6 39. Bb5 Bxb5 40. Qxb5 Qxd4+ 41. Kc2 Qf2+ 42. Kb1 Qg1+ 43. Kb2 Qxh2+ 44. Ka3 Kf8 45. Qd7 Qh5 46. Qxe6 d4 47. Nd7+ Kg7 48. Qf6+ Kg8 49. Qf8# 1-0

[Event "European Online Club-ch-I 2021"]
[Site "Online"]
[Date "2021.03.27"]
[Round "2.1"]
[White "Verdier, Patrice"]
[Black "Godart, Francois"]
[Result "0-1"]
[ECO "D31"]
[WhiteElo "2109"]
[BlackElo "2422"]
[Annotator "NA"]
[PlyCount "78"]
[EventDate "2021.03.27"]
[EventType "team-tourn"]
[EventCountry "NET"]
[SourceTitle "playchess.com"]
[Source "ChessBase"]
[SourceQuality "1"]
[TimeControl "900+5"]

1. d4 d5 2. c4 e6 3. Nc3 c6 4. e4 dxe4 5. Nxe4 Bb4+ 6. Bd2 Qxd4 7. Bxb4 Qxe4+ 8. Be2 Na6 9. Bc3 f6 10. Qd2 e5 11. Rd1 Be6 12. b3 Qxg2 13. Bf3 Qg6 14. Qd6 Kf7 15. Ne2 Ne7 16. Rg1 Nf5 17. Qa3 Qh6 18. Bd2 Qh3 19. Be4 Rhd8 20. Ng3 Nd4 21. Be3 f5 22. Bxd4 Rxd4 23. Rxd4 exd4 24. Bd3 Re8 25. Kd1 Qxh2 26. Rf1 c5 27. Qc1 Nb4 28. Bb1 Qh4 29. Qd2 Qh6 30. f4 Qh3 31. Qf2 Bd7 32. a3 Nc6 33. Rh1 Qg4+ 34. Kc1 h6 35. Bc2 Re3 36. Rg1 Rf3 37. Qh2 Qxf4+ 38. Kb2 d3 39. Bd1 Rf2+ 0-1